 Dungeon Crawl Stone Soup version 0.27-a0-808-g60bc5d92e6 (webtiles) character file.

Game seed: 2794071807681750244

11 polve the Skirmisher (level 2, -1/24 HPs)
             Began as a Demonspawn Abyssal Knight on Mar 28, 2021.
             Was a Follower of Lugonu.
             Killed by Freeze
             ... generated by an endoplasm
              (5 damage)
             ... on level 1 of the Dungeon.
             The game lasted 00:00:16 (674 turns).

polve the Skirmisher (Demonspawn Abyssal Knight)     Turns: 674, Time: 00:00:17

Health: -1/24      AC:  3    Str: 12    XL:     2   Next: 13%
Magic:  3/3        EV: 11    Int: 13    God:    Lugonu [*.....]
Gold:   24         SH:  0    Dex: 12    Spells: 1/1 levels left

rFire    . . .     SeeInvis .   a - +1 falchion
rCold    . . .     Faith    .   (no shield)
rNeg     . . .     Spirit   .   b - +0 leather armour
rPois    .         Reflect  .   (helmet restricted)
rElec    .         Harm     .   (no cloak)
rCorr    .         Rampage  .   (no gloves)
Will     .....                  (no boots)
Stlth    +.........             (no amulet)
HPRegen  0.08/turn              (no ring)
MPRegen  0.08/turn              (no ring)

@: no status effects
A: horns 1
a: Renounce Religion, Depart the Abyss


You were on level 1 of the Dungeon.
You worshipped Lugonu.
Lugonu was aware of your devotion.
You visited 1 branch of the dungeon, and saw 1 of its levels.
You visited the Abyss 1 time.

You collected 24 gold pieces.

Inventory:

Hand Weapons
 a - a +1 falchion (weapon)
Armour
 b - a +0 leather armour (worn)
 e - a +0 cloak
 g - a +0 cloak
Scrolls
 c - a scroll of summoning {unknown}
 f - a scroll of magic mapping {unknown}
 h - a scroll of identify {unknown}
Potions
 d - a potion of mutation {unknown}


   Skills:
 - Level 3.0 Fighting
 + Level 2.6 Long Blades
 - Level 1.7 Armour
 - Level 0.8 Dodging
 - Level 2.4 Invocations


You had one spell level left.
You didn't know any spells.
Your spell library was empty.

Dungeon Overview and Level Annotations

Branches:
Dungeon (1/15)

Altars:


Innate Abilities, Weirdness & Mutations

You have a pair of small horns on your head.


Message History

You kill the jackal!
Lugonu accepts your kill.
Things that are here:
a +0 dagger; a jackal corpse You see here 20 arrows.
Found 26 arrows.
You see here 26 arrows.
g - a +0 cloak You see here 26 arrows.
Found 15 arrows.
You see here 15 arrows.
h - a scroll labelled VOGOAJ ESYT
Found a stone staircase leading down.
You now have 24 gold pieces (gained 4).
An endoplasm comes into view.
An endoplasm is nearby!
An endoplasm is nearby!
An endoplasm is nearby!
The endoplasm freezes you.
You are frozen.
The endoplasm hits you but does no damage.
The endoplasm jiggles.
The endoplasm barely misses you.
You riposte.
You hit the endoplasm. Your headbutt misses the endoplasm.
The endoplasm is almost dead.
The endoplasm freezes you.
You are frozen.
The endoplasm freezes you.
You are frozen.
The endoplasm hits you.
The endoplasm hits you but does no damage.
The endoplasm hits you.
* * * LOW HITPOINT WARNING * * *
The endoplasm hits you.
* * * LOW HITPOINT WARNING * * *
The endoplasm hits you.
* * * LOW HITPOINT WARNING * * *
The endoplasm freezes you.
You are frozen.
You die...

..# ### ..
..##.######
#.##...J@.#
#.#######.# #.# #.#
####### #.# #.#
PPPPP.###.#######.##
...................#
PPPPP...#.##########
#######.#.#
..........#


You could see an endoplasm.

Vanquished Creatures
  A ball python (D:1)
  2 giant cockroaches (D:1)
  3 goblins (D:1)
  2 jackals (D:1)
8 creatures vanquished.

Notes
Turn   | Place    | Note
-------+----------+-------------------------------------------
     0 | Abyss:1  | polve the Demonspawn Abyssal Knight began the quest for the
                  | Orb.
     0 | Abyss:1  | Reached XP level 1. HP: 18/18 MP: 2/2
    57 | Abyss:1  | Noticed a wretched star
    58 | D:1      | Escaped the Abyss
   316 | D:1      | Reached * piety under Lugonu
   317 | D:1      | Gained mutation: You have a pair of small horns on your
                  | head. [demonic ancestry]
   317 | D:1      | Reached XP level 2. HP: 20/24 MP: 3/3
   674 | D:1      | Killed from afar by an endoplasm

Illustrated notes

Levels and vault maps discovered:
D:1:      eino_arrival_tree_alley, layout_basic

Skill      XL: |  1 |
---------------+----+-----
Long Blades    | 2 |  2.6
Fighting       | |  3.0
Armour         | |  1.7
Dodging        | |  0.8
Invocations    | |  2.4

Action                   || total
-------------------------++-------
Melee: Falchion          ||    21
       Headbutt          ||     2
Invok: Depart the Abyss  ||     1
Armor: Leather armour    ||    21
Dodge: Dodged            ||    33
       Rpst.: Falchion   ||    12

Table legend: (Time is in decaauts)
 A = Elapsed time spent in this place.
 B = Non-inter-level travel time spent in this place.
 C = Inter-level travel time spent in this place.
 D = Time resting spent in this place.
 E = Time spent auto-exploring this place.
 F = Levels seen in this place.
 G = Mean time per level.
                   A        B        C        D        E       F      G
               +--------+--------+--------+--------+--------+-----+--------+
         Total |    677 |    677 |      0 |      0 |    565 |   2 |  338.5 |
       Dungeon |    619 |    619 |      0 |      0 |    508 |   1 |  619.0 |
         Abyss |     58 |     58 |      0 |      0 |     57 |   1 |   58.0 |
               +--------+--------+--------+--------+--------+-----+--------+

Top non-repeatable levels by time:
     D:1: 619 daAuts
 Abyss:1: 58 daAuts
